 Dungeon Crawl Stone Soup version 0.14-a0-2400-gb2944a8 (webtiles) character file.

197 RedPan the Cudgeler (level 4, 0/28 HPs)
             Began as a Gargoyle Fighter on Feb 3, 2014.
             Killed from afar by Grinder (4 damage)
             ... with a wand of flame
             ... while paralysed by Grinder
             ... on Level 3 of the Dungeon.
             The game lasted 00:04:49 (2130 turns).

RedPan the Cudgeler (Gargoyle Fighter)              Turns: 2130, Time: 00:04:49

HP   0/28        AC 10     Str 20      XL: 4   Next: 93%
MP   4/4         EV  2     Int  9      God:
Gold 85          SH  0     Dex  9      Spells:  0 memorised,  3 levels left

rFire  + . .     SeeInvis .     a - +0 mace
rCold  . . .     Clarity  .     b - +0 scale mail
rNeg   + . .     Conserve .     c - +0 shield
rPois  +         rCorr    .     (no helmet)
rElec  +         rRot     +     (no cloak)
SustAb + .       Spirit   .     (no gloves)
rMut   .         Warding  .     (no boots)
Gourm  +         Stasis   .     f - amulet of the gourmand
MR     .....                    w - ring of protection from fire
                                n - ring of sustain abilities

@: paralysed, not resistant to hostile enchantments, extremely unstealthy
A: life protection 1, electricity resistance, unbreathing, petrification
resistance, AC +3
a: no special abilities


You were on level 3 of the Dungeon.
You were very full.

You visited 1 branch of the dungeon, and saw 3 of its levels.

You collected 85 gold pieces.

Inventory:

Hand weapons
 a - a +0,+0 mace (weapon)
Armour
 b - a +0 scale mail (worn)
 c - a +0 shield (worn)
Magical devices
 s - a wand of confusion (8)
Comestibles
 d - 2 bread rations
 i - an apple
 o - a rambutan
Scrolls
 g - a scroll of random uselessness
 j - a scroll of identify
 k - a scroll of fear {unknown}
 l - a scroll of teleportation
 p - a scroll of curse armour {unknown}
 r - a scroll of recharging {unknown}
 t - a scroll of remove curse {unknown}
Jewellery
 f - an amulet of the gourmand (around neck)
 n - a ring of sustain abilities (left hand)
 w - a ring of protection from fire (right hand)
Potions
 e - 7 potions of curing
 h - a potion of confusion {unknown}
 m - 2 potions of poison {unknown}
 q - a potion of invisibility {unknown}
 u - 2 potions of degeneration {unknown}


   Skills:
 - Level 3.2 Fighting
 + Level 5.4 Maces & Flails
 - Level 3.2 Armour
 - Level 3.2 Shields


You had 3 spell levels left.
You didn't know any spells.

Dungeon Overview and Level Annotations

Branches:
Dungeon (3/16)

Altars:
Nemelex Xobeh
Trog

Annotations:
D:3 Grinder


Innate Abilities, Weirdness & Mutations

You are resistant to torment.
You are immune to poison.
Your stone body is very resilient (AC +3).
You resist negative energy.
You are resistant to electric shocks.
You can survive without breathing.
You are immune to petrification.


Message History

Grinder says, "Don't move a muscle."
Grinder hits you.
You closely miss Grinder.
Grinder is moderately wounded.
The orc hits you but does no damage. Grinder gestures at you.
You suddenly lose the ability to move!
The orc hits you with an orcish whip. Grinder hits you but does no damage.
The orc barely misses you.
Grinder zaps a wand.
Helpless, you fail to dodge the puff of flame.
You resist. The orc hits you but does no damage.
Grinder zaps a wand.
The puff of flame hits you! You resist.
* * * LOW HITPOINT WARNING * * *
The orc hits you but does no damage. Grinder barely misses you.
The orc hits you with an orcish whip.
* * * LOW HITPOINT WARNING * * *
Grinder zaps a wand.
The puff of flame hits you! You resist.
One of your 2 scrolls of random uselessness catches fire!
You die...

.. .... ... .. ### ....#
#. ......#########.
..............[..#
.................###
...................######
#>..................%.....
#.......o@5..%....#.######
...............#..#.#.....
...!..........#(.#%#.....
.......####..............
.###### #...#..#.#.....
###............
#............
#########............
.....................


You could see Grinder and an orc.

Vanquished Creatures
  6 adders
  A worm (D:3)
  A giant gecko (D:3)
  An ooze (D:2)
  2 orcs (D:3)
  2 ball pythons
  A giant cockroach (D:3)
  3 goblins (D:2)
  2 hobgoblins
  4 jackals
  4 kobolds
  3 quokkas
  9 bats
  4 giant newts
  6 rats
49 creatures vanquished.

Notes
Turn   | Place    | Note
--------------------------------------------------------------
     0 | D:1      | RedPan, the Gargoyle Fighter, began the quest for the Orb.
     0 | D:1      | Reached XP level 1. HP: 14/14 MP: 1/1
   296 | D:1      | Reached XP level 2. HP: 16/19 MP: 2/2
   944 | D:2      | Reached XP level 3. HP: 19/23 MP: 3/3
   962 | D:2      | Reached skill level 4 in Maces & Flails
  1179 | D:2      | Found a sparkling altar of Nemelex Xobeh.
  1293 | D:2      | Reached XP level 4. HP: 26/28 MP: 4/4
  1559 | D:3      | Found a bloodstained altar of Trog.
  1564 | D:3      | Reached skill level 5 in Maces & Flails
  2110 | D:3      | Noticed Grinder
  2125 | D:3      | Paralysed by Grinder for 6 turns
  2130 | D:3      | Killed from afar by Grinder

Action                   |  1- 3 |  4- 6 || total
-------------------------+-------+-------++-------
Melee: Mace              |   103 |    87 ||   190
Evoke: Wand              |       |     3 ||     3
  Use: Scroll            |       |     3 ||     3
 Stab: Confused          |       |     1 ||     1
